Map: Deathaura LE

Players

Nice

  • Race: Protoss Protoss
  • Spawn Location: 5:00

Has - Winner!

  • Race: Protoss Protoss
  • Spawn Location: 11:00

Event: DreamHack SC2 Masters 2020 Fall

VOD

Have the link to the VOD?

Description

Time

  • Played on: Aug. 28, 2020, 8:56 a.m.
  • Length: 8:06

All games in this series

Show
View Real Time Build Order
Export as new Build Order

Nice Protoss 

Build Orders:  

Get SALT Encoding   

  12  0:01  Probe  
  13  0:13  Probe  
  14  0:19  Pylon  
  14  0:25  Probe (Chrono Boost)  
  15  0:37  Probe (Chrono Boost)  
  15  0:38  Gateway  
  16  0:46  Assimilator, Probe (Chrono Boost)  
  17  0:51  Probe  
  17  0:55  Assimilator  
  18  1:03  Probe (Chrono Boost)  
  19  1:07  Gateway  
  19  1:13  Probe (Chrono Boost)  
  19  1:18  Probe (Chrono Boost)  
  21  1:25  Cybernetics Core  
  21  1:30  Probe  
  22  1:35  Pylon  
  22  1:42  Probe  
  23  2:00  Stalker (Chrono Boost)  
  23  2:02  Warp Gate  
  23  2:05  Pylon  
  27  2:09  Stalker (Chrono Boost)  
  27  2:23  Robotics Facility, Stalker  
  29  2:38  Stalker  
  29  2:43  Gateway  
  31  2:52  Pylon  
  31  3:07  Immortal (Chrono Boost)  
  35  3:16  Sentry  
  37  3:20  Pylon  
  37  3:38  Warp Prism  
  39  3:50  Zealot, Sentry x2  
  43  4:12  Immortal (Chrono Boost)  
  47  4:17  Zealot x2  
  49  4:24  Sentry  
  49  4:26  Pylon  
  51  4:44  Zealot, Sentry  
  53  4:54  Zealot  
  53  4:55  Shield Battery  
  55  5:03  Immortal (Chrono Boost)  
  59  5:10  Zealot  
  59  5:12  Pylon  
  57  5:24  Zealot, Sentry  
  51  5:38  Sentry  
  51  5:41  Shield Battery  
  49  5:50  Zealot x2  
  46  6:00  Warp Prism (Chrono Boost)  
  42  6:14  Stalker  
  34  6:26  Stalker x2  
  38  6:48  Stalker  
  38  6:49  Stalker  
  38  6:50  Stalker  
  44  7:14  Stalker x3  
  46  7:24  Observer  
Show
View Real Time Build Order
Export as new Build Order

Has Protoss - Winner!

Build Orders: Nexus First 

Get SALT Encoding   

  12  0:00  Probe  
  13  0:12  Probe  
  14  0:17  Pylon  
  14  0:24  Probe (Chrono Boost)  
  16  0:36  Probe (Chrono Boost)  
  16  0:43  Probe (Chrono Boost)  
  17  0:57  Nexus  
  17  1:06  Gateway  
  17  1:09  Probe  
  18  1:14  Assimilator  
  18  1:19  Assimilator  
  18  1:23  Probe  
  19  1:33  Gateway  
  19  1:35  Probe  
  20  1:47  Probe  
  20  1:52  Cybernetics Core  
  21  1:55  Zealot  
  23  2:01  Pylon  
  24  2:08  Probe  
  24  2:11  Probe  
  25  2:20  Probe  
  26  2:23  Probe  
  26  2:28  Stalker  
  26  2:29  Warp Gate (Chrono Boost), Stalker  
  31  2:34  Probe  
  32  2:41  Probe  
  33  2:46  Probe  
  33  2:50  Shield Battery  
  34  2:58  Stalker  
  34  3:01  Stalker  
  38  3:11  Gateway  
  36  3:15  Probe x2  
  38  3:24  Shield Battery  
  38  3:27  Shield Battery  
  40  3:34  Stalker x2 (Chrono Boost)  
  40  3:41  Pylon  
  42  4:03  Probe x2  
  42  4:09  Stalker  
  44  4:10  Stalker x2  
  44  4:15  Shield Battery  
  48  4:18  Shield Battery  
  48  4:26  Pylon  
  48  4:28  Shield Battery  
  48  4:34  Gateway, Stalker x2  
  48  4:35  Stalker  
  54  4:57  Zealot x3  
  60  5:10  Pylon  
  60  5:11  Zealot  
  60  5:24  Zealot x2  
  60  5:33  Stalker x2  
  62  5:36  Probe  
  62  5:37  Probe  
  62  5:38  Stargate  
  64  5:44  Shield Battery  
  64  5:45  Zealot x2  
  64  5:46  Shield Battery  
  62  5:58  Zealot x2  
  58  6:08  Stalker  
  58  6:09  Stalker  
  48  6:18  Zealot x2  
  48  6:23  Phoenix (Chrono Boost)  
  48  6:27  Probe x2  
  48  6:31  Zealot  
  48  6:32  Zealot  
  54  6:36  Pylon  
  54  6:39  Phoenix (Chrono Boost), Zealot  
  56  6:43  Stalker  
  60  6:52  Stalker  
  58  7:07  Zealot x3  
  60  7:09  Pylon  
  60  7:15  Phoenix (Chrono Boost)  
  62  7:30  Zealot, Stalker x2  

Tags
 
Add a new tag
Caveats
  • Supply blocks, unpowered buildings, or Contaminate may cause inaccurate times.
  • Supply counts are checked every 10 seconds.